 Dungeon Crawl Stone Soup version 0.27-a0-660-g90476cec82 (webtiles) character file.

Game seed: 28205786098845388

90 snetch the Skirmisher (level 4, 0/61 HPs)
             Began as a Minotaur Berserker on Mar 16, 2021.
             Was a Believer of Trog.
             Succumbed to an adder's poison
             ... on level 3 of the Dungeon.
             The game lasted 00:04:15 (1099 turns).

snetch the Skirmisher (Minotaur Berserker)          Turns: 1099, Time: 00:04:16

Health: 0/61       AC: 10    Str: 28    XL:     4   Next: 32%
Magic:  3/3        EV: 11    Int:  4    God:    Trog [**....]
Gold:   80         SH:  0    Dex: 10    Spells: 3/3 levels left

rFire    . . .     SeeInvis .   a - +0 hand axe
rCold    . . .     Faith    .   (no shield)
rNeg     . . .     Spirit   .   s - +0 ring mail
rPois    .         Reflect  .   f - +0 hat
rElec    .         Harm     .   l - scarf {shadows}
rCorr    .         Rampage  .   n - +0 pair of gloves
Will     .....                  (no boots)
Stlth    ..........             (no amulet)
HPRegen  0.20/turn              i - +4 ring of protection
MPRegen  0.08/turn              j - +6 ring of strength

@: berserking, lethally poisoned (0 -> -8), very quick
A: horns 2, retaliatory headbutt
a: Renounce Religion, Berserk, Trog's Hand


You were on level 3 of the Dungeon.
You worshipped Trog.
Trog was pleased with you.
You visited 1 branch of the dungeon, and saw 3 of its levels.

You collected 80 gold pieces.

Inventory:

Hand Weapons
 a - a +0 hand axe (weapon)
Missiles
 c - 58 stones
 m - 24 arrows
 o - 21 bolts
 t - 4 curare-tipped darts
Armour
 f - a +0 hat (worn)
 l - a scarf of shadows (worn)
 n - a +0 pair of gloves (worn)
 s - a +0 ring mail (worn)
Jewellery
 i - a +4 ring of protection (right hand)
 j - a +6 ring of strength (left hand)
 p - a ring of protection from cold
Wands
 u - a wand of mindburst (5)
Scrolls
 b - a scroll of identify {unknown}
 e - a scroll of teleportation {unknown}
 h - a scroll of amnesia {unknown}
 k - a scroll of enchant weapon {unknown}
 r - a scroll of enchant armour {unknown}
Potions
 d - a potion of heal wounds {unknown}
 g - a potion of ambrosia {unknown}
 q - 2 potions of berserk rage
 v - a potion of curing {unknown}


   Skills:
 + Level 4.7 Fighting
 + Level 4.6 Axes
 + Level 3.1 Armour
 + Level 2.7 Dodging
 + Level 0.1 Stealth


You had 3 spell levels left.
You didn't know any spells.
Your spell library was empty.

Dungeon Overview and Level Annotations

Branches:
Dungeon (3/15)

Altars:


Innate Abilities, Weirdness & Mutations

You have a pair of horns on your head.
You reflexively headbutt those who attack you in melee.


Message History

The adder poisons you! The adder bites you but does no damage.
You feel sick.
You closely miss the adder.
You feel sick. The adder bites you but does no damage. The adder bites you.
You are more poisoned.
The adder poisons you!
You closely miss the adder. Your headbutt misses the adder.
You feel sick. The adder closely misses you.
You hit the adder.
The adder is heavily wounded.
You closely miss the quokka. The adder bites you but does no damage.
The quokka barely misses you. The adder bites you.
* * * LOW HITPOINT WARNING * * *
You are lethally poisoned!
The adder poisons you!
Okay, then.
It was a potion of berserk rage.
A red film seems to cover your vision as you go berserk!
You feel yourself moving faster!
You feel mighty!
You feel sick.
The quokka bites you but does no damage.
The adder barely misses you. You furiously retaliate!
You headbutt the adder!
You kill the adder!
Trog accepts your kill.
You can now call upon Trog for regeneration and willpower.
The shadow imp gestures at you. Pain shoots through your body!
* * * LOW HITPOINT WARNING * * *
Your Armour skill increases to level 3!
You are too berserk!
Unknown command.
You are too berserk!
Unknown command.
You are too berserk!
You closely miss the quokka. Your headbutt misses the quokka.
The quokka closely misses you.
Unknown command.
You slash the quokka!
You kill the quokka!
Trog accepts your kill.
You die...

.... ....
#.########
##....#...##
#...[......## .
##...†.).†...#
..####...†...†.<..#
........).†.......#
.........5†@.....##
##....##...#...##
.5..#...#########
... #.#....# ...
###..# #..## .# #..
# #.. ..


You could see a shadow imp.

Vanquished Creatures
  Ijyb (D:3)
  2 adders
  2 oozes
  A worm (D:3)
  2 leopard geckos
  5 goblins
  5 hobgoblins
  3 jackals (D:3)
  3 kobolds
  2 quokkas (D:3)
  5 bats
  A rat (D:1)
32 creatures vanquished.

Notes
Turn   | Place    | Note
-------+----------+-------------------------------------------
     0 | D:1      | snetch the Minotaur Berserker began the quest for the Orb.
     0 | D:1      | Reached XP level 1. HP: 19/19 MP: 0/0
    83 | D:2      | Reached XP level 2. HP: 20/27 MP: 1/1
   479 | D:2      | Reached XP level 3. HP: 33/33 MP: 2/2
  1045 | D:3      | Noticed Ijyb
  1054 | D:3      | Killed Ijyb
  1055 | D:3      | Reached XP level 4. HP: 10/41 MP: 3/3
  1062 | D:3      | Reached ** piety under Trog
  1097 | D:3      | HP: 1/61 [shadow imp/nerve-wracking pain (11)]
  1099 | D:3      | Succumbed to an adder's poison

Illustrated notes

Levels and vault maps discovered:
D:1:      minmay_arrival_shattered_statue, layout_basic
D:2:      layout_loops_corners, old_standard_altar, minmay_misc_feat_doors
D:3:      layout_rooms, lemuel_crystal_altar, nicolae_underground_beach,
          uniq_ijyb

Skill      XL: |  1  2  3  4 |
---------------+-------------+-----
Axes           | 4 |  4.6
Fighting       | 4 |  4.7
Armour         | 3 |  3.1
Dodging        | |  2.7
Stealth        | |  0.1

Action                   |  1- 3 |  4- 6 || total
-------------------------+-------+-------++-------
Melee: Hand axe          |    44 |    13 ||    57
       Headbutt          |     7 |       ||     7
Invok: Berserk           |     1 |       ||     1
       Trog's Hand       |       |     1 ||     1
  Use: Potion            |       |     1 ||     1
Armor: Animal skin       |     2 |       ||     2
       Leather armour    |     6 |       ||     6
       Ring mail         |     4 |    21 ||    25
Dodge: Dodged            |    22 |     9 ||    31

Table legend: (Time is in decaauts)
 A = Elapsed time spent in this place.
 B = Non-inter-level travel time spent in this place.
 C = Inter-level travel time spent in this place.
 D = Time resting spent in this place.
 E = Time spent auto-exploring this place.
 F = Levels seen in this place.
 G = Mean time per level.
                   A        B        C        D        E       F      G
               +--------+--------+--------+--------+--------+-----+--------+
         Total |   1113 |   1095 |     18 |    144 |    571 |   3 |  371.0 |
       Dungeon |   1113 |   1095 |     18 |    144 |    571 |   3 |  371.0 |
               +--------+--------+--------+--------+--------+-----+--------+

Top non-repeatable levels by time:
     D:1: 736 daAuts
     D:2: 305 daAuts
     D:3: 71 daAuts
